 Dungeon Crawl Stone Soup version 0.23.0 (webtiles) character file.

Game seed: 6438737931144870721

142 MalarOregon the Poker (level 5, -8/38 HPs)
             Began as a Merfolk Skald on Feb 17, 2019.
             Killed by divine providence
             ... invoked by an orc priest
              (13 damage)
             ... on level 2 of the Dungeon.
             The game lasted 00:04:27 (2327 turns).

MalarOregon the Poker (Merfolk Skald)               Turns: 2327, Time: 00:04:29

Health: -8/38      AC:  4    Str: 12    XL:     5   Next: 24%
Magic:  1/8        EV: 14    Int: 18    God:
Gold:   134        SH:  0    Dex: 13    Spells: 1/8 levels left

rFire    . . .     SeeInvis .   a - +0 spear
rCold    . . .     Gourm    .   (no shield)
rNeg     . . .     Faith    .   b - +0 leather armour
rPois    .         Spirit   .   (no helmet)
rElec    .         Reflect  .   k - +0 cloak
rCorr    .         Harm     .   (no gloves)
MR       .....                  (no boots)
Stlth    +.........             (no amulet)
HPRegen  1.12/turn              (no ring)
MPRegen  0.11/turn              (no ring)

@: brilliant, regenerating
A: change form in water, swift swim, stealthy swim
a: no special abilities


You were on level 2 of the Dungeon.
You were not hungry.

You visited 1 branch of the dungeon, and saw 3 of its levels.

You collected 134 gold pieces.

Inventory:

Hand Weapons
 a - a +0 spear (weapon)
Armour
 b - a +0 leather armour (worn)
 k - a +0 cloak (worn)
   (You found it on level 1 of the Dungeon)
Scrolls
 h - 2 scrolls of remove curse {@r2}
Potions
 c - a potion of might {unknown}
 d - 3 potions of flight
 g - a potion of cancellation {unknown}
 i - a potion of agility {unknown}
 j - a potion of mutation {!q}
 m - a potion of degeneration {unknown}
Comestibles
 e - 6 rations {!d}
 f - 3 chunks of flesh


   Skills:
 - Level 2.1 Fighting
 + Level 5.8 Polearms
 - Level 0.6 Armour
 + Level 5.2 Dodging
 - Level 2.0 Spellcasting
 - Level 3.2 Charms


You had one spell level left.
You knew the following spells:

 Your Spells              Type           Power        Failure   Level  Hunger
a - Infusion              Chrm           ###.         1%          1    #......
e - Regeneration          Chrm/Necr      ###.......   4%          3    ###....
t - Spectral Weapon       Hex/Chrm       ###.....     4%          3    ###....

Your spell library contained the following spells:

 Spells                   Type           Power        Failure   Level  Hunger
 Song of Slaying          Chrm           ###.....     1%          2    ###....
 Shroud of Golubria       Chrm/Tloc      ###.......   2%          2    ###....


Dungeon Overview and Level Annotations

Branches:
Dungeon (3/15)

Altars:


Message History

You barely miss the orc priest.
The orc priest hits you but does no damage.
The orc wizard casts a spell at you. The magic dart hits you!
The orc priest barely misses you.
You hit the orc priest but do no damage.
The orc wizard hits you with a +0 dagger.
The orc priest hits you. The orc wizard casts a spell at you.
The magic dart hits you.
* * * LOW HITPOINT WARNING * * *
You closely miss the orc priest. The orc priest hits you.
* * * LOW HITPOINT WARNING * * *
The orc wizard hits you but does no damage.
You hit the orc priest.
You feel yourself speed up.
The orc priest invokes the aid of Beogh against you.
Beogh smites you!
* * * LOW HITPOINT WARNING * * *
The orc wizard gestures wildly while chanting.
The orc wizard blinks!
Unknown command.
You closely miss the orc priest. The orc priest misses you.
You closely miss the orc priest. The orc priest hits you.
* * * LOW HITPOINT WARNING * * *
It was a potion of mutation.
You feel extremely strange.
You feel less energetic.
You feel more energetic. The orc priest closely misses you.
The orc wizard barely misses you.
It was a potion of curing.
You feel better. The orc priest misses you.
The orc wizard points at you and mumbles some strange words.
The magic dart hits you!
* * * LOW HITPOINT WARNING * * *
It was a potion of brilliance.
You feel clever all of a sudden. The orc priest misses you.
The orc wizard misses you.
Okay, then.
Your skin crawls.
The orc priest hits you but does no damage.
The orc wizard gestures wildly while chanting.
The orc wizard blinks!
You draw out your weapon's spirit!
The orc priest hits you.
* * * LOW HITPOINT WARNING * * *
You barely miss the orc priest.
Your spectral weapon hits the orc priest from afar.
The orc priest hits you.
* * * LOW HITPOINT WARNING * * *
You hit the orc priest but do no damage.
Your spectral weapon barely misses the orc priest.
The orc priest invokes the aid of Beogh against you.
Beogh smites you!
You die...

#...#..............#
###...#.....#.##.##.#########
......#.....#.##.##.#.......#
......#.....#....##.#.......#
......#.....#.......#.......#
...##########...o##.#.......#
...###### #.#(............#
........# #.#..##.........#
........# #...@o..........#
........# #######..)......#
........# ##<...##.........#
........# #....##..........#
........####....###.........#
........##......# #.........#
...#...###'########.....)####
.........................#
..................>......#


You could see an orc priest, an orc wizard and a friendly spectral +0 spear.

Vanquished Creatures
  Ijyb (D:2)
  5 adders
  4 oozes
  2 worms (D:2)
  2 dart slugs
  4 leopard geckos
  A giant cockroach (D:2)
  7 goblins
  4 hobgoblins
  A ball python (D:1)
  4 bats
  3 frilled lizards
  4 kobolds
  6 rats
48 creatures vanquished.

Notes
Turn   | Place    | Note
-------+----------+-------------------------------------------
     0 | D:1      | MalarOregon the Merfolk Skald began the quest for the Orb.
     0 | D:1      | Reached XP level 1. HP: 16/16 MP: 3/3
    41 | D:1      | Reached XP level 2. HP: 20/22 MP: 5/5
   579 | D:1      | Reached XP level 3. HP: 22/27 MP: 6/6
  1218 | D:1      | Reached XP level 4. HP: 13/33 MP: 7/7
  1493 | D:1      | Learned a level 3 spell: Regeneration
  1497 | D:1      | Learned a level 3 spell: Spectral Weapon
  1551 | D:2      | Reached skill level 5 in Polearms
  1954 | D:2      | Reached skill level 5 in Dodging
  2011 | D:3      | Noticed Ijyb
  2128 | D:3      | Reached XP level 5. HP: 38/38 MP: 8/8
  2144 | D:2      | Paralysed by Ijyb for 7 turns
  2196 | D:2      | Killed Ijyb
  2321 | D:2      | Gained mutation: Your magical capacity is low. (-10% MP)
                  | [potion of mutation]
  2321 | D:2      | Lost mutation: Your magical capacity is low. (-10% MP)
                  | [potion of mutation]
  2327 | D:2      | Killed from afar by an orc priest

Skill      XL: |  1  2  3  4 |
---------------+-------------+-----
Dodging        | 3 4 5 |  5.2
Polearms       | 4 5 |  5.8
Fighting       | |  2.1
Armour         | |  0.6
Spellcasting   | |  2.0
Charms         | |  3.2

Action                   |  1- 3 |  4- 6 || total
-------------------------+-------+-------++-------
Melee: Spear             |   139 |   130 ||   269
 Cast: Regeneration      |       |     1 ||     1
       Spectral Weapon   |       |     1 ||     1
  Use: Scroll            |       |     4 ||     4
       Potion            |       |     3 ||     3
  Eat: Chunk             |     1 |     4 ||     5
Armor: Leather armour    |    18 |    19 ||    37
Dodge: Dodged            |    66 |    69 ||   135
